 Dungeon Crawl Stone Soup version 0.18-a0-1267-gff090c1 (webtiles) character file.

56 Lysie the Conjurer (level 3, -4/21 HPs)
             Began as a High Elf Conjurer on Feb 7, 2016.
             Killed by nerve-wracking pain
             ... invoked by Grinder
              (14 damage)
             ... on level 3 of the Dungeon.
             The game lasted 00:05:59 (2019 turns).

Lysie the Conjurer (High Elf Conjurer)              Turns: 2019, Time: 00:05:59

Health: -4/21      AC:  8    Str:  7    XL:     3   Next: 71%
Magic:  0/8        EV: 13    Int: 19    God:
Gold:   186        SH:  0    Dex: 16    Spells: 2 memorised, 5 levels left

rFire  . . .     SeeInvis .     w - +2 dagger (protect)
rCold  . . .     Gourm    .     a - +0 robe
rNeg   . . .     Faith    .     (no shield)
rPois  .         Spirit   .     i - +0 helmet
rElec  .         Dismiss  .     (no cloak)
rCorr  .         Reflect  .     (no gloves)
SustAt .         Harm     .     (no boots)
MR     .....                    (no amulet)
Stlth  ++........               (no ring)
                                (no ring)

@: not resistant to hostile enchantments, unstealthy
A: no striking features
a: no special abilities


You were on level 3 of the Dungeon.
You were not hungry.

You visited 1 branch of the dungeon, and saw 3 of its levels.

You collected 186 gold pieces.

Inventory:

Hand Weapons
 v - a +0 blowgun
 w - a +2 dagger of protection (weapon)
Missiles
 x - 15 poisoned needles
Armour
 a - a +0 robe (worn)
 i - a +0 helmet (worn)
Wands
 o - a wand of disintegration (13/24)
 u - a wand of paralysis (13/24)
Scrolls
 e - 3 scrolls of recharging {unknown}
 f - 2 scrolls of magic mapping {unknown}
 g - a scroll of remove curse
 h - 2 scrolls of enchant armour {unknown}
 l - a scroll of random uselessness {unknown}
 n - a scroll of fog {unknown}
 p - a scroll of identify {unknown}
Potions
 d - a potion of curing {unknown}
 j - a potion of mutation {unknown}
 k - 2 potions of degeneration {unknown}
 m - 2 potions of flight {unknown}
 q - 2 potions of resistance {unknown}
 s - a potion of cure mutation {unknown}
 t - 2 potions of magic {unknown}
Books
 b - a book of Conjurations

   Spells                             Type                      Level
   a - Magic Dart                     Conjuration                  1
   b - Searing Ray                    Conjuration                  2
   c - Dazzling Spray                 Conjuration/Hexes            3
   d - Fulminant Prism                Conjuration/Hexes            4
   e - Iskenderun's Mystic Blast      Conjuration                  4
   f - Iskenderun's Battlesphere      Conjuration/Charms           5
Comestibles
 c - 3 bread rations


   Skills:
 - Level 2.1 Dodging
 - Level 2.1 Stealth
 * Level 3.4 Spellcasting
 + Level 5.4 Conjurations


You had 5 spell levels left.
You knew the following spells:

 Your Spells              Type           Power        Failure   Level  Hunger
a - Magic Dart            Conj           ###.         1%          1    None
b - Searing Ray           Conj           ###...       2%          2    ##.....


Dungeon Overview and Level Annotations

Branches:
Dungeon (3/15)

Altars:

Annotations:
D:3 Grinder


Message History

Aiming: Searing Ray
Press: ? - help, Shift-Dir - straight line, f/p - Grinder
Aim: Grinder (lightly wounded)
The searing ray hits Grinder.
Grinder is lightly wounded.
The searing ray hits Grinder.
Grinder is moderately wounded.
Grinder gestures at you. Pain shoots through your body!
Ouch! That really hurt!
The searing ray hits Grinder.
Grinder is heavily wounded.
The searing ray hits Grinder.
Grinder is severely wounded.
Grinder gestures at you.
You barely resist. Grinder gestures at you. Pain shoots through your body!
Ouch! That really hurt!
You die...

.>.# ...#
...#
#########...#
............
....[...#
#...5.#
#.....#
#.@#### #..#
...###..###
..........#
...####.### .
#.# #.# #.#
#.#


You could see Grinder.

Vanquished Creatures
  An adder (D:2)
  An ooze (D:2)
  A worm (D:2)
  An orc (D:3)
  3 giant cockroaches
  5 goblins
  5 hobgoblins
  6 kobolds
  2 ball pythons (D:1)
  7 bats
  5 giant newts
  2 rats
39 creatures vanquished.

Notes
Turn   | Place    | Note
--------------------------------------------------------------
     0 | D:1      | Lysie the High Elf Conjurer began the quest for the Orb.
     0 | D:1      | Reached XP level 1. HP: 11/11 MP: 4/4
   201 | D:1      | Reached XP level 2. HP: 17/17 MP: 1/6
   764 | D:2      | Reached skill level 5 in Conjurations
   768 | D:2      | Learned a level 2 spell: Searing Ray
   913 | D:2      | Reached XP level 3. HP: 21/21 MP: 6/8
  2011 | D:3      | Noticed Grinder
  2019 | D:3      | Killed from afar by Grinder

Vault maps used:
D:1:      evilmike_arrival_rings
D:2:      first_bread
D:3:      minitemple, uniq_natasha, uniq_grinder

Action                   || total
-------------------------++-------
Melee: Unarmed           ||     7
       Dagger            ||    10
 Cast: Magic Dart        ||    66
       Searing Ray       ||     1
  Use: Scroll            ||     1
 Stab: Sleeping          ||     4
  Eat: Bread ration      ||     1
